cohdb
Replays
Latest Replays
All Replays
Popular Replays
Top Player Replays
Match Explorer
How It Works
Community
CoH3 Stats
Reddit
Sign in to upload your games and track your stats! →
Sign in with Steam
Match 41600753
Unlisted
Match 41600753
Overview
Messages
Build Orders
End
Kradschützen Motorcycle Team
Panzerpioneer Squad
Selects Armored Support Battlegroup
Panzergrenadier Squad
250 Light Carrier
Panzergrenadier Squad
Construct Light Support Kompanie
Selects Salvage Kits
250 Light Carrier
Panzerjäger Mechanized Group
Fire Support Elements
Veteran Squad Leaders
Flakvierling Half-track
Selects Veteran Gunners
2.5-tonne Medical Truck
Pak 38 Mechanized Group
Selects Flammpanzer III Medium Tank
Flammpanzer III Medium Tank
Assault Mechanized Group
Vehicle Survival Package
Selects Command Panzer IV F Medium Tank
Command Panzer IV F Medium Tank
Selects Panzer Storm
Selects Stuka Anti-tank Loiter
Stuka Anti-tank Loiter
Panzerpioneer Squad
Trion
Naat
0
0
Comments
sign in to comment!
No comments posted yet!